[Event "Team 45 45 League T69"]
[Site "Internet Chess Club"]
[Date "2016.06.14"]
[Round "1"]
[White "Elalfer"]
[Black "andrew37"]
[Result "1/2-1/2"]
[WhiteElo "1617"]
[BlackElo "1666"]
[Opening "Queen's pawn: Franco-Indian (Keres) defense"]
[ECO "A40"]
[Time "20:00:42"]
[TimeControl "2700+45"]

1. d4 e6 2. c4 Bb4+ 3. Nc3 c5 4. d5 Nf6 5. Bg5 h6 6. Bd2 d6 7. dxe6 Bxe6 8. e3
O-O 9. Nf3 Qe7 10. a3 Bxc3 11. Bxc3 Ne4 12. Qc2 Nxc3 13. Qxc3 Nc6 14. Be2 a5 15.
O-O a4 16. b4 axb3 17. Nd2 Ne5 18. Qxb3 b5 19. f4 bxc4 20. Qc3 Nd7 21. Nxc4 Bxc4
22. Bxc4 Nb6 23. Rfe1 Rfb8 24. Qd3 Ra4 25. Bb5 Re4 26. Bc6 Re6 27. a4 c4 28. Qc3
d5 29. Bb5 Qc5 30. Rad1 Ra8 31. Qd4 Qc7 32. g3 Re4 33. Qc3 Qc5 34. Rd4 Nxa4 35.
Bxa4 Rxa4 36. Rxe4 dxe4 37. Qd4 Qb4 38. Rc1 Qa3 39. Qc3 Qxc3 40. Rxc3 f5 41. h3
Kf7 42. g4 fxg4 43. hxg4 h5 44. gxh5 Kf6 45. Kg2 {Game drawn by mutual
agreement} 1/2-1/2

[Event "Team 45 45 League T69"]
[Site "Internet Chess Club"]
[Date "2016.06.09"]
[Round "1"]
[White "FrankNautilus"]
[Black "scostanzo212"]
[Result "1-0"]
[WhiteElo "1672"]
[BlackElo "1522"]
[Opening "Sicilian: Grand Prix attack"]
[ECO "B23"]
[Time "20:00:52"]
[TimeControl "2700+45"]

1. e4 c5 2. Nc3 Nc6 3. f4 g6 4. Nf3 Bg7 5. Bc4 e6 6. d3 Nge7 7. a3 O-O 8. O-O d5
9. Ba2 a6 10. e5 b5 11. Ne2 Qb6 12. Kh1 c4 13. d4 a5 14. c3 b4 15. Bd2 bxa3 16.
bxa3 a4 17. Rb1 Qa6 18. Qc2 Bd7 19. Ng3 Na5 20. f5 exf5 21. Bg5 f6 22. exf6 Bxf6
23. Bf4 Nb3 24. Ne5 Be6 25. Bh6 Rfe8 26. Rbe1 Nc6 27. Ng4 Bh8 28. Nf2 Bf7 29.
Nh3 Rxe1 30. Rxe1 Re8 31. Rxe8+ Bxe8 32. Nxf5 Bd7 33. Ne3 Bxh3 34. gxh3 Ne7 35.
Qe2 Qe6 36. Qg4 Qxg4 37. Nxg4 Nf5 38. Bb1 Nxh6 39. Nxh6+ Kf8 40. Ng4 Ke7 41. Kg2
Ke6 42. Ne3 Bg7 43. Nd1 Bf8 44. Nb2 Bxa3 45. Nxa4 Nd2 46. Bc2 Bd6 47. h4 Bf4 48.
h5 gxh5 49. Bxh7 Nb3 50. Bg8+ Kd6 51. Nb6 Bd2 52. Nxd5 Nc1 53. Nf6 Na2 54. Ne4+
Kd7 55. Nxd2 Nxc3 56. Bxc4 Kd6 57. Kg3 {Black resigns} 1-0

[Event "Team 45 45 League T69"]
[Site "Internet Chess Club"]
[Date "2016.06.10"]
[Round "1"]
[White "Pawnchain"]
[Black "isolani"]
[Result "1/2-1/2"]
[WhiteElo "1550"]
[BlackElo "1506"]
[Opening "Caro-Kann: exchange variation"]
[ECO "B13"]
[Time "17:00:31"]
[TimeControl "2700+45"]

1. e4 c6 2. d4 d5 3. exd5 cxd5 4. Bd3 Nf6 5. c3 Bg4 6. Qb3 Qb6 7. Bf4 Qxb3 8.
axb3 Nbd7 9. Nd2 e6 10. Ngf3 Be7 11. Ne5 Nxe5 12. dxe5 Nd7 13. Bb5 a6 14. O-O
Rd8 15. Bxd7+ Rxd7 16. b4 O-O 17. Nb3 {Game drawn by mutual agreement} 1/2-1/2

[Event "Team 45 45 League T69"]
[Site "Internet Chess Club"]
[Date "2016.06.12"]
[Round "1"]
[White "Andressa"]
[Black "tamky70"]
[Result "1-0"]
[WhiteElo "1454"]
[BlackElo "1330"]
[Opening "Four knights: Italian variation"]
[ECO "C47"]
[Time "14:10:31"]
[TimeControl "2700+45"]

1. e4 Nf6 2. Nc3 e5 3. Nf3 Nc6 4. Bc4 Bb4 5. d3 O-O 6. O-O a6 7. a3 Bc5 8. Be3
Ba7 9. Re1 d6 10. d4 exd4 11. Nxd4 Ne5 12. Be2 Nc4 13. Bxc4 Bd7 14. Qf3 Bg4 15.
Qf4 Bh5 16. Nf5 Bg6 17. Bxa7 Rxa7 18. Qe3 Ra8 19. Nd5 Nxd5 20. Bxd5 c6 21. Bb3
Bxf5 22. exf5 d5 23. c3 h6 24. h3 Re8 25. Qd2 Rf8 26. Rad1 Qb6 27. Ba2 Rad8 28.
b4 a5 29. Qd4 Qc7 30. f6 g6 31. Qh4 Kh7 32. Re7 Qb6 33. Qd4 Qxd4 34. Rxd4 axb4
35. axb4 b5 36. Kh2 Rd6 37. Rf4 Kg8 38. Bb1 Re6 39. Rxe6 fxe6 40. Bxg6 e5 41.
Rg4 Rxf6 42. Be8+ Kh7 43. h4 e4 44. h5 Rxf2 45. Bxc6 Rf5 46. Bxb5 Rxh5+ 47. Kg3
e3 48. Bd3+ Kh8 49. Kf3 Re5 50. Rh4 h5 51. g4 Kg7 52. gxh5 Re6 53. Rg4+ Kh6 54.
Rg6+ {Black resigns} 1-0

[Event "Team 45 45 League T69"]
[Site "Internet Chess Club"]
[Date "2016.06.11"]
[Round "1"]
[White "Pomberito"]
[Black "DarthDaver"]
[Result "1/2-1/2"]
[WhiteElo "2098"]
[BlackElo "2045"]
[Opening "Queen's pawn: Torre attack"]
[ECO "A45"]
[Time "17:00:28"]
[TimeControl "2700+45"]

1. d4 Nf6 2. Bg5 e6 3. Nf3 h6 4. Bh4 c5 5. e3 b6 6. c4 Bb7 7. Nc3 Be7 8. Bd3 O-O
9. O-O Nc6 10. Rc1 Rc8 11. Bb1 d6 12. d5 exd5 13. Bxf6 Bxf6 14. Nxd5 g6 15. Qd2
Bg7 16. h4 h5 17. Rfd1 Ne7 18. Nxe7+ Qxe7 19. Qxd6 Qxd6 20. Rxd6 Bxb2 21. Rcd1
Ba6 22. Ng5 Bxc4 23. Rd7 a6 24. R1d6 {Game drawn by mutual agreement} 1/2-1/2

[Event "Team 45 45 League T69"]
[Site "Internet Chess Club"]
[Date "2016.06.13"]
[Round "1"]
[White "LarsenB"]
[Black "f5"]
[Result "1/2-1/2"]
[WhiteElo "1862"]
[BlackElo "2112"]
[Opening "Nimzovich-Larsen attack: classical variation"]
[ECO "A01"]
[Time "15:01:04"]
[TimeControl "2700+45"]

1. b3 d5 2. Bb2 c6 3. Nf3 Nd7 4. e3 Ngf6 5. c4 e6 6. Be2 Bd6 7. d4 b6 8. O-O Bb7
9. Nbd2 O-O 10. Ne5 Rc8 11. Ndf3 Qc7 12. Rc1 Rfd8 13. cxd5 exd5 14. Bb5 c5 15.
Qd3 Nf8 16. Qf5 Ne4 17. Rfd1 Qe7 18. Bd3 f6 19. Ng4 Bb8 20. dxc5 bxc5 21. Bxe4
dxe4 22. Nxf6+ gxf6 23. Bxf6 Rxd1+ 24. Rxd1 Qf7 25. Nh4 Re8 26. Qg5+ Ng6 27. Nf5
Qc7 28. g3 Bc8 29. Nh6+ Kf8 30. h4 Be6 31. Rc1 Qd7 32. h5 Qd2 33. Ra1 Qd5 34.
hxg6 Qxg5 35. Bxg5 hxg6 36. Bf6 Rc8 37. Rc1 Ke8 38. Bb2 Bd6 39. g4 Be7 40. Kg2
Kf8 41. Be5 Rc6 42. Kg3 Bg5 43. Bf4 Bf6 44. g5 Bg7 45. Ng4 Ke7 46. Be5 Bxg4 47.
Bxg7 Be2 48. Bd4 Kd6 49. Bf6 Bd3 50. Kf4 Kd5 51. Rc3 c4 52. bxc4+ Bxc4 53. Ra3
Ra6 54. Rxa6 Bxa6 55. Bd4 Bc4 56. Bxa7 Bxa2 57. f3 exf3 58. Kxf3 {Game drawn by
mutual agreement} 1/2-1/2

[Event "Team 45 45 League T69"]
[Site "Internet Chess Club"]
[Date "2016.06.12"]
[Round "1"]
[White "Freitac"]
[Black "bobhill"]
[Result "1-0"]
[WhiteElo "1965"]
[BlackElo "1845"]
[Opening "QGD: Charousek (Petrosian) variation"]
[ECO "D31"]
[Time "19:04:06"]
[TimeControl "2700+45"]

1. d4 d5 2. c4 e6 3. Nc3 Be7 4. cxd5 exd5 5. Bf4 Nf6 6. e3 O-O 7. Bd3 c6 8. Qc2
Nbd7 9. Nf3 h6 10. O-O Nh5 11. Be5 Nxe5 12. Nxe5 Nf6 13. Rab1 Be6 14. b4 a6 15.
a4 Nd7 16. Nf3 Bd6 17. b5 c5 18. dxc5 Nxc5 19. Be2 Qf6 20. Nd4 Ne4 21. Nxe4 dxe4
22. Qxe4 Bd7 23. Qxb7 Rfd8 24. Bf3 axb5 25. axb5 Rab8 26. Qd5 Re8 27. Nc6 Bxc6
28. bxc6 Rxb1 29. Rxb1 Re5 30. Qd4 Qg6 31. Rd1 Re6 32. Qa7 Re7 33. Qxe7 Bxe7 34.
c7 Qc2 35. Rd8+ Bxd8 36. cxd8=Q+ Kh7 37. g3 g5 38. Qd5 Kg7 39. Bh5 Qc7 40. Qxf7+
Qxf7 41. Bxf7 Kxf7 42. Kf1 Kf6 43. Ke2 Kf5 44. h3 Ke4 45. f3+ Kf5 46. e4+ Ke5
47. Ke3 Kf6 48. f4 Kg6 49. f5+ Kf6 50. Kd4 h5 51. g4 hxg4 52. hxg4 Ke7 53. e5
Kd7 54. Kd5 Ke7 55. f6+ Kd7 56. e6+ Ke8 57. Kd6 Kf8 58. Kd7 Kg8 59. e7 {Black
resigns} 1-0

[Event "Team 45 45 League T69"]
[Site "Internet Chess Club"]
[Date "2016.06.12"]
[Round "1"]
[White "Beetlejuice"]
[Black "primerpaso"]
[Result "1/2-1/2"]
[WhiteElo "1792"]
[BlackElo "1798"]
[Opening "King's Indian: Sämisch, orthodox variation"]
[ECO "E85"]
[Time "13:04:24"]
[TimeControl "2700+45"]

1. c4 Nf6 2. Nc3 g6 3. e4 d6 4. d4 Bg7 5. f3 O-O 6. Be3 e5 7. Nge2 Nc6 8. d5 Ne7
9. Qd2 Ne8 10. g4 f5 11. gxf5 gxf5 12. O-O-O f4 13. Bf2 Nf6 14. c5 Ng6 15. Kb1
Nh5 16. Nc1 Bf6 17. Nb3 b6 18. cxd6 cxd6 19. Rc1 Rf7 20. Nb5 a6 21. Na3 Bh4 22.
Nc4 Bxf2 23. Qxf2 Rb8 24. Be2 Nf6 25. Rc3 Ne8 26. Rhc1 {Game drawn by mutual
agreement} 1/2-1/2

[Event "Team 45 45 League T69"]
[Site "Internet Chess Club"]
[Date "2016.06.11"]
[Round "1"]
[White "JefferyChess"]
[Black "Totti"]
[Result "1-0"]
[WhiteElo "1963"]
[BlackElo "1843"]
[Opening "Ruy Lopez: closed, Flohr-Zaitsev system (Lenzerheide variation)"]
[ECO "C92"]
[Time "19:00:16"]
[TimeControl "2700+45"]

1. e4 e5 2. Nf3 Nc6 3. Bb5 a6 4. Ba4 Nf6 5. O-O Be7 6. Re1 b5 7. Bb3 O-O 8. c3
d6 9. h3 Bb7 10. d4 Nd7 11. Nbd2 exd4 12. cxd4 Bf6 13. Nf1 Na5 14. Bc2 Re8 15.
Bf4 Nf8 16. Bh2 c5 17. dxc5 dxc5 18. Qxd8 Bxd8 19. a4 Bf6 20. e5 Be7 21. Ne3 Ne6
22. Nf5 g6 23. Nd6 Bxd6 24. exd6 Bxf3 25. gxf3 Nc4 26. d7 Red8 27. Be4 Ra7 28.
axb5 a5 29. Bc6 Raxd7 30. Bxd7 Rxd7 31. Kg2 Ra7 32. b3 Nb6 33. Red1 Nc8 34. Be5
{Black resigns} 1-0

[Event "Team 45 45 League T69"]
[Site "Internet Chess Club"]
[Date "2016.06.11"]
[Round "1"]
[White "Vinesh1234"]
[Black "TheRailgun"]
[Result "0-1"]
[WhiteElo "1673"]
[BlackElo "1859"]
[Opening "Pirc: classical, h3 system"]
[ECO "A48"]
[Time "20:08:08"]
[TimeControl "2700+45"]

1. d4 Nf6 2. Nf3 g6 3. Nc3 Bg7 4. e4 d6 5. h3 O-O 6. Be3 b6 7. Bc4 Bb7 8. Nd2 d5
9. Bd3 dxe4 10. Ndxe4 Nd5 11. Nxd5 Qxd5 12. c4 Qd8 13. O-O Bxd4 14. Bh6 Bxb2 15.
Bxf8 Bxa1 16. Qxa1 Qxf8 17. c5 Nc6 18. Rc1 Rd8 19. Bb5 Nd4 20. Bd3 Bxe4 21. Bxe4
Ne2+ 22. Kh1 Nxc1 23. Qxc1 Qg7 24. cxb6 cxb6 25. Qc7 Qd4 26. Qxe7 Qd1+ 27. Kh2
Qd6+ 28. Qxd6 Rxd6 29. Kg3 Kg7 {White resigns} 0-1

[Event "Team 45 45 League T69"]
[Site "Internet Chess Club"]
[Date "2016.06.09"]
[Round "1"]
[White "yyoo"]
[Black "charles-allen"]
[Result "0-1"]
[WhiteElo "1760"]
[BlackElo "1848"]
[Opening "Scandinavian defense"]
[ECO "B01"]
[Time "20:04:04"]
[TimeControl "2700+45"]

1. e4 d5 2. exd5 Nf6 3. d4 Bg4 4. Be2 Bxe2 5. Nxe2 Qxd5 6. O-O Nc6 7. Nbc3 Qh5
8. Bf4 O-O-O 9. Qe1 e6 10. Rd1 Bb4 11. a3 Ba5 12. b4 Bb6 13. Be3 Rd7 14. Na4
Rhd8 15. Nxb6+ axb6 16. Nf4 Qh4 17. g3 Qg4 18. f3 Qf5 19. c3 e5 20. Ne2 Nd5 21.
Bc1 b5 22. g4 Qe6 23. Qf2 Nb6 24. Rde1 Nc4 25. dxe5 N4xe5 26. Nd4 Nxd4 27. cxd4
Rxd4 28. Qg3 R4d5 29. Re3 Qb6 30. Kh1 Rd1 31. Rxd1 Rxd1+ 32. Re1 Rxe1+ 33. Qxe1
Qd4 34. Kg2 Kd7 35. Kg3 Nd3 36. Qd1 Qd6+ 37. f4 g5 38. Qf1 c6 39. Be3 gxf4+ 40.
Bxf4 Qxf4+ 41. Qxf4 Nxf4 42. Kxf4 Ke6 43. Ke4 b6 44. h4 c5 45. g5 c4 46. h5 c3
47. Kd3 Kf5 48. Kxc3 Kxg5 49. Kd4 f5 50. Kd5 f4 51. Kc6 f3 52. Kxb5 f2 53. Kxb6
f1=Q 54. a4 Qf6+ 55. Kc5 Qe5+ 56. Kb6 {White resigns} 0-1

[Event "Team 45 45 League T69"]
[Site "Internet Chess Club"]
[Date "2016.06.12"]
[Round "1"]
[White "rayonline53"]
[Black "Portola"]
[Result "0-1"]
[WhiteElo "1373"]
[BlackElo "1819"]
[Opening "QGD: 4.Nf3"]
[ECO "D37"]
[Time "15:00:41"]
[TimeControl "2700+45"]

1. d4 d5 2. Nf3 Nf6 3. c4 e6 4. Nc3 Be7 5. e3 O-O 6. Bd3 Nbd7 7. O-O b6 8. cxd5
exd5 9. Re1 Bb7 10. e4 dxe4 11. Nxe4 c5 12. dxc5 Nxc5 13. Nxc5 Bxc5 14. Bg5 Qd6
15. Qc2 h6 16. Be3 Bxe3 17. fxe3 Rac8 18. Qe2 Rfe8 19. Rad1 Qc5 20. Qd2 Qh5 21.
Be2 Ng4 22. h3 Nxe3 23. Rc1 Rcd8 24. Qb4 Qg6 25. g4 Nc2 {White resigns} 0-1

[Event "Team 45 45 League T69"]
[Site "Internet Chess Club"]
[Date "2016.06.12"]
[Round "1"]
[White "drsigmund1"]
[Black "WOLFSPELZ"]
[Result "1-0"]
[WhiteElo "1516"]
[BlackElo "1418"]
[Opening "Queen's pawn, Mason variation"]
[ECO "D00"]
[Time "14:00:24"]
[TimeControl "2700+45"]

1. d4 d5 2. Bf4 Nf6 3. e3 Bf5 4. Nf3 c6 5. c3 e6 6. Be2 Be7 7. h3 Nbd7 8. Nbd2
h6 9. O-O O-O 10. g4 Bh7 11. g5 hxg5 12. Nxg5 Ne8 13. Nxh7 Kxh7 14. Bd3+ f5 15.
Qh5+ Kg8 16. Kh2 Nef6 17. Qg6 Qe8 18. Rg1 Qxg6 19. Rxg6 Rf7 20. Rag1 Nh5 21. Bh6
Bf6 22. Be2 Nf8 23. R6g2 Kh7 24. Bxh5 g6 25. Bxg6+ Kxh6 26. Bxf7 Rc8 27. Rg8 Kh7
28. Bxe6 Nxe6 29. Rxc8 {Black resigns} 1-0

[Event "Team 45 45 League T69"]
[Site "Internet Chess Club"]
[Date "2016.06.09"]
[Round "1"]
[White "Innes"]
[Black "Tjet"]
[Result "1-0"]
[WhiteElo "1511"]
[BlackElo "1399"]
[Opening "Robatsch (modern) defense"]
[ECO "B06"]
[Time "18:00:43"]
[TimeControl "2700+45"]

1. e4 g6 2. f4 d6 3. Nf3 Bg7 4. d4 a6 5. Bd3 Nd7 6. O-O b5 7. e5 dxe5 8. fxe5 e6
9. Ng5 Nh6 10. Qf3 Rb8 11. Nxe6 Qe7 12. Nxg7+ Kd8 13. Bxh6 Bb7 14. Qg3 Qb4 15.
Nd2 Qxd4+ 16. Kh1 Qxe5 17. Qxe5 Nxe5 18. Be4 f5 19. Bxb7 Rxb7 20. Ne6+ Kc8 21.
Nc5 Rb6 22. Bg7 Re8 23. Rfe1 Rd6 24. Nf3 Rd5 25. b4 c6 26. Bxe5 g5 27. Bc3 Rxe1+
28. Rxe1 g4 29. Ng5 f4 {Black resigns} 1-0

[Event "Team 45 45 League T69"]
[Site "Internet Chess Club"]
[Date "2016.06.12"]
[Round "1"]
[White "kllrchris"]
[Black "calsal"]
[Result "1-0"]
[WhiteElo "1718"]
[BlackElo "1756"]
[Opening "Giuoco Pianissimo"]
[ECO "C55"]
[Time "12:19:40"]
[TimeControl "2700+45"]

1. e4 e5 2. Nf3 Nc6 3. Bc4 Nf6 4. d3 Bc5 5. c3 d6 6. Bb3 Bg4 7. h3 Bh5 8. Nbd2
Qd7 9. Qe2 O-O 10. g4 Bg6 11. Nf1 d5 12. Ng3 dxe4 13. dxe4 Ne8 14. Bd2 Nd6 15.
O-O-O Rfe8 16. Kb1 Na5 17. Bc2 Nac4 18. Bc1 b5 19. Nh4 Qe6 20. Nhf5 b4 21. cxb4
Bxb4 22. Bb3 Rec8 23. h4 a5 24. h5 a4 25. Bxc4 Nxc4 26. hxg6 hxg6 27. Ne3 Nd6
28. f3 Rcb8 29. Nd5 Ba5 30. Qh2 {Black resigns} 1-0

[Event "Team 45 45 League T69"]
[Site "Internet Chess Club"]
[Date "2016.06.13"]
[Round "1"]
[White "Yedixon"]
[Black "SimplyAbed"]
[Result "1-0"]
[WhiteElo "1710"]
[BlackElo "1521"]
[Opening "Sicilian: Kan variation"]
[ECO "B41"]
[Time "15:02:05"]
[TimeControl "2700+45"]

1. e4 c5 2. Nf3 e6 3. d4 cxd4 4. Nxd4 a6 5. Be3 Qc7 6. Be2 Bd6 7. g3 Nf6 8. Nd2
Nc6 9. c3 b6 10. f4 Be7 11. O-O Bb7 12. Rc1 O-O 13. Qb3 Na5 14. Qc2 d5 15. e5
Ne4 16. Nxe4 dxe4 17. Rfd1 Rfd8 18. Bf1 Rac8 19. Bg2 Nc4 20. Kf2 Nxe3 21. Kxe3
Rxd4 22. Rxd4 Bc5 23. Qd2 Bxd4+ 24. Qxd4 Rd8 25. Qa4 Qc5+ 26. Ke2 Qd5 27. Rd1
Qxd1+ 28. Qxd1 Rxd1 29. Kxd1 Kf8 30. Ke2 Ke7 31. Ke3 Kd7 32. Bxe4 Bxe4 33. Kxe4
Kc6 34. Kd4 Kb5 35. b3 Kc6 36. g4 Kb5 37. f5 Kc6 38. h4 h6 39. h5 Kb5 40. f6
gxf6 41. exf6 Kc6 42. Ke5 a5 43. g5 hxg5 44. h6 {Black resigns} 1-0

[Event "Team 45 45 League T69"]
[Site "Internet Chess Club"]
[Date "2016.06.11"]
[Round "1"]
[White "Scorpius"]
[Black "mongmong"]
[Result "1-0"]
[WhiteElo "1433"]
[BlackElo "1537"]
[Opening "French: exchange variation"]
[ECO "C01"]
[Time "21:03:01"]
[TimeControl "2700+45"]

1. d4 e6 2. e4 d5 3. exd5 exd5 4. Nf3 Nf6 5. c4 Bd6 6. c5 Be7 7. Be2 b6 8. b4
O-O 9. O-O c6 10. Bf4 Re8 11. Nc3 Bb7 12. Ne5 Nbd7 13. Bd3 b5 14. Rb1 a5 15.
Nxd7 Qxd7 16. bxa5 Rxa5 17. Re1 Raa8 18. a4 bxa4 19. Nxa4 Ra7 20. Nb6 Qg4 21.
Qxg4 Nxg4 22. Bd6 Kf8 23. Nd7+ Kg8 24. Rxe7 Rxe7 25. Bxe7 f6 26. h3 Kf7 27. Bd6
Nh6 28. Re1 {Black resigns} 1-0

[Event "Team 45 45 League T69"]
[Site "Internet Chess Club"]
[Date "2016.06.13"]
[Round "1"]
[White "BrerRabbit"]
[Black "zorori"]
[Result "1-0"]
[WhiteElo "1431"]
[BlackElo "1707"]
[Opening "Queen's pawn: London system"]
[ECO "A45"]
[Time "19:03:03"]
[TimeControl "2700+45"]

1. d4 Nf6 2. Bf4 g6 3. e3 Bg7 4. Nf3 O-O 5. Be2 d5 6. O-O Ne4 7. Nbd2 Bf5 8. c4
c5 9. Nb3 b6 10. Be5 f6 11. Bf4 Nc6 12. dxc5 e5 13. Bg3 Be6 14. cxd5 Bxd5 15.
cxb6 axb6 16. Nc1 Nb4 17. a3 Qd6 18. Nd3 Nxg3 19. hxg3 e4 20. Nxb4 exf3 21. Bxf3
Rad8 22. Bxd5+ Kh8 23. Qb3 Rfe8 24. Rfd1 Qe5 25. Nc6 Qc7 26. Nxd8 Rxd8 27. Rac1
Qe7 28. Bf3 Rf8 29. Qxb6 f5 30. a4 Qe8 31. b3 Bf6 32. Qb7 Bg7 33. Rd7 Rg8 34.
Rxg7 Rxg7 35. Rc8 Rxb7 36. Rxe8+ Kg7 37. Bxb7 Kf7 38. Bc6 h5 39. a5 g5 40. a6 f4
41. exf4 gxf4 42. gxf4 h4 43. a7 h3 44. gxh3 Kf6 45. a8=Q Kf7 46. Qc8 Kg7 47.
Qe6 {Black resigns} 1-0

[Event "Team 45 45 League T69"]
[Site "Internet Chess Club"]
[Date "2016.06.10"]
[Round "1"]
[White "clarinetref"]
[Black "Tjet"]
[Result "1/2-1/2"]
[WhiteElo "1616"]
[BlackElo "1408"]
[Opening "Philidor: Larsen variation"]
[ECO "B07"]
[Time "22:09:02"]
[TimeControl "2700+45"]

1. e4 d6 2. d4 e5 3. Nf3 exd4 4. Nxd4 g6 5. Nc3 a6 6. Be3 Bg7 7. Qd2 Ne7 8. Be2
O-O 9. h4 Nbc6 10. h5 Nxd4 11. Bxd4 Bxd4 12. Qxd4 Nc6 13. Qd2 Be6 14. hxg6 fxg6
15. Qh6 Qe7 16. f3 Qg7 17. Qd2 Rf7 18. O-O-O b5 19. Nd5 Rb8 20. Kb1 Bxd5 21.
exd5 Ne5 22. Rh4 Nc4 23. Bxc4 bxc4 24. Qd4 Qxd4 25. Rdxd4 c3 26. b3 Re7 27. Rhe4
Rbe8 28. Rxe7 Rxe7 29. Re4 Rxe4 30. fxe4 Kf7 {Game drawn by mutual agreement}
1/2-1/2

[Event "Team 45 45 League T69"]
[Site "Internet Chess Club"]
[Date "2016.06.08"]
[Round "1"]
[White "KidRattler"]
[Black "kutch"]
[Result "1-0"]
[WhiteElo "1578"]
[BlackElo "1509"]
[Opening "Queen's pawn game, Chigorin variation"]
[ECO "A04"]
[Time "19:15:32"]
[TimeControl "2700+45"]

1. Nf3 Nc6 2. d4 d5 3. g3 Nf6 4. e3 Bg4 5. Be2 e6 6. Nbd2 Bd6 7. b3 Qe7 8. Bb2
a6 9. c4 b6 10. h3 Bh5 11. Qc2 Bg6 12. Qc1 O-O 13. a3 e5 14. b4 exd4 15. Nxd4
Nxd4 16. Bxd4 Ne4 17. Nxe4 Bxe4 18. Rg1 dxc4 19. Bxc4 b5 20. Bb3 Rad8 21. Qc3
Qg5 22. f4 Qg6 23. g4 Be7 24. O-O-O Qc6 25. Bxg7 Qxc3+ 26. Bxc3 Rd3 27. Rxd3
Bxd3 28. Bd4 Rc8 29. Kd2 Be4 30. Rc1 Bg2 31. Rg1 Be4 32. g5 c5 33. bxc5 Bxc5 34.
Bxc5 Rxc5 35. Rc1 Rxc1 36. Kxc1 Kg7 37. h4 f6 38. Bc2 Bxc2 39. Kxc2 f5 40. Kc3
Kg6 41. Kb4 Kh5 42. Ka5 Kg4 43. Kxa6 Kf3 44. h5 Kxe3 45. g6 {Black resigns} 1-0

[Event "Team 45 45 League T69"]
[Site "Internet Chess Club"]
[Date "2016.06.13"]
[Round "1"]
[White "MartyJR"]
[Black "OGO"]
[Result "1-0"]
[WhiteElo "1431"]
[BlackElo "1500"]
[Opening "Queen's pawn: London system"]
[ECO "A45"]
[Time "21:35:23"]
[TimeControl "2700+45"]

1. d4 Nf6 2. Bf4 d6 3. e3 g6 4. Nf3 Bg7 5. c3 O-O 6. h3 Nbd7 7. Be2 b6 8. Nbd2
Bb7 9. O-O Rc8 10. a4 c5 11. Qb3 cxd4 12. exd4 Nd5 13. Bg3 a5 14. Rfe1 N7f6 15.
Bb5 e6 16. Nc4 Ne8 17. Bxe8 Rxe8 18. Nxd6 Qd7 19. Nxe8 Rxe8 20. Ne5 Qe7 21. Qb5
Rc8 22. Qe2 Qf6 23. Ng4 Qe7 24. Be5 Nf6 25. Nxf6+ Bxf6 26. Bxf6 Qxf6 27. Qe5 Qh4
28. Qb5 Rc6 29. d5 Rd6 30. dxe6 fxe6 31. Qe8+ Kg7 32. Rxe6 Rxe6 33. Qxe6 {Black
resigns} 1-0

[Event "Team 45 45 League T69"]
[Site "Internet Chess Club"]
[Date "2016.06.13"]
[Round "1"]
[White "kingsrook"]
[Black "Aquaman"]
[Result "0-1"]
[WhiteElo "1312"]
[BlackElo "1321"]
[Opening "Kevitz-Trajkovich defense"]
[ECO "A50"]
[Time "15:31:00"]
[TimeControl "2700+45"]

1. d4 Nf6 2. c4 Nc6 3. Nc3 e5 4. e3 e4 5. d5 Ne5 6. Be2 d6 7. f3 exf3 8. Nxf3
Bg4 9. O-O Bxf3 10. Bxf3 Nxc4 11. Qa4+ Qd7 12. Qxc4 a6 13. a4 Qd8 14. e4 Nd7 15.
Bf4 Be7 16. Qe2 O-O 17. e5 dxe5 18. Bxe5 Re8 19. Bg3 Bc5+ 20. Kh1 Rxe2 21. Bxe2
Bd6 22. Bxd6 cxd6 23. Bf3 Ne5 24. Be4 Qb6 25. Rab1 Nc4 26. Rfd1 Ne3 27. Rd2 Ng4
28. Rf1 Rf8 29. h3 Ne5 30. Re2 g6 31. Rfe1 f5 32. Bb1 Nd7 33. Ba2 Ne5 34. Rd1
Nd7 35. Rde1 Ne5 36. Rd1 Qd8 37. Rde1 Qh4 38. Bb1 f4 39. Rf1 f3 40. Ref2 fxg2+
41. Kxg2 Rxf2+ 42. Rxf2 Qg5+ 43. Kf1 Qg3 44. Ne2 Qxh3+ 45. Rg2 Qh1+ 46. Ng1 Nf3
47. Be4 Nd2+ 48. Rxd2 Qxe4 49. Re2 Qxd5 50. Re8+ Kg7 51. Re7+ Kh6 52. Ne2 Qf5+
53. Kg2 Qg5+ {White resigns} 0-1

[Event "Team 45 45 League T69"]
[Site "Internet Chess Club"]
[Date "2016.06.09"]
[Round "1"]
[White "fireball"]
[Black "Chesstime2016"]
[Result "1-0"]
[WhiteElo "1531"]
[BlackElo "1465"]
[Opening "Vienna gambit"]
[ECO "C29"]
[Time "20:02:08"]
[TimeControl "2700+45"]

1. e4 e5 2. Nc3 Nf6 3. f4 d6 4. Nf3 Bg4 5. Bc4 Nc6 6. O-O Na5 7. Be2 Nc6 8. h3
Bxf3 9. Bxf3 Nd4 10. d3 Nxf3+ 11. Qxf3 Qd7 12. fxe5 dxe5 13. Bg5 Be7 14. a3 c6
15. Kh1 O-O-O 16. Be3 b6 17. b4 c5 18. bxc5 Bxc5 19. Bxc5 bxc5 20. Rab1 Qc6 21.
Qg3 Qe6 22. Qxg7 Rdg8 23. Qxf6 {Black resigns} 1-0

[Event "Team 45 45 League T69"]
[Site "Internet Chess Club"]
[Date "2016.06.09"]
[Round "1"]
[White "tuantuan"]
[Black "bardu"]
[Result "0-1"]
[WhiteElo "1447"]
[BlackElo "1423"]
[Opening "Ruy Lopez: closed, 9.h3"]
[ECO "C96"]
[Time "13:07:49"]
[TimeControl "2700+45"]

1. e4 e5 2. Nf3 Nc6 3. Bb5 a6 4. Ba4 Nf6 5. O-O Be7 6. Re1 b5 7. Bb3 d6 8. c3
O-O 9. h3 Na5 10. d4 Nxb3 11. Qxb3 exd4 12. cxd4 Bb7 13. Nc3 c5 14. d5 Nd7 15.
Bf4 Bf6 16. a4 c4 17. Qb4 Nc5 18. axb5 Nd3 19. Qa3 Nxf4 20. bxa6 Bxa6 21. e5
dxe5 22. Nxe5 Nxd5 23. Rad1 Bb7 24. Qb4 Nxb4 25. Rxd8 {White resigns} 0-1

[Event "Team 45 45 League T69"]
[Site "Internet Chess Club"]
[Date "2016.06.11"]
[Round "1"]
[White "Gilguli"]
[Black "bhxm"]
[Result "0-1"]
[WhiteElo "1370"]
[BlackElo "1323"]
[Opening "Vienna gambit"]
[ECO "C29"]
[Time "17:00:36"]
[TimeControl "2700+45"]

1. e4 e5 2. Nc3 Nf6 3. f4 Nc6 4. fxe5 Nxe5 5. d4 Nc6 6. e5 Qe7 7. Be3 g6 8. Be2
d6 9. Nf3 dxe5 10. O-O exd4 11. Bxd4 Nxd4 12. Nxd4 Bg7 13. Bb5+ c6 14. Re1 Be6
15. Nxc6 bxc6 16. Bxc6+ Nd7 17. Bxa8 O-O 18. Bf3 Qc5+ 19. Kh1 Bxc3 20. bxc3 Qxc3
21. Qd3 Qxd3 22. cxd3 Rb8 23. d4 Rb2 24. d5 Bf5 25. Red1 Ne5 26. d6 Rb6 27. Rac1
Ra6 28. Rc7 Rxa2 29. Bd5 Rf2 30. Kg1 Rb2 31. Rxa7 Rb6 32. Bf3 Kg7 33. h3 Kf6 34.
g4 Be6 35. Bg2 Kg7 36. Kh2 Rb2 37. Kg3 Rb3+ 38. Kh4 Kh6 39. Bd5 g5# {White
checkmated} 0-1

[Event "Team 45 45 League T69"]
[Site "Internet Chess Club"]
[Date "2016.06.13"]
[Round "1"]
[White "liujf"]
[Black "Toalla"]
[Result "0-1"]
[WhiteElo "1241"]
[BlackElo "1324"]
[Opening "Sicilian: Marshall variation"]
[ECO "B41"]
[Time "17:30:41"]
[TimeControl "2700+45"]

1. e4 c5 2. Nf3 e6 3. d4 d5 4. exd5 exd5 5. Bd3 c4 6. Be2 Nf6 7. Nc3 Nc6 8. Bf4
Bd6 9. Bxd6 Qxd6 10. O-O O-O 11. b3 Be6 12. bxc4 dxc4 13. Rb1 Rab8 14. d5 Nxd5
15. Nxd5 Qxd5 16. Qd2 Qxd2 17. Nxd2 Ne5 18. Rfe1 Rfe8 19. Rb4 b5 20. Bh5 Nc6 21.
Rbb1 a6 22. Bf3 Nd4 23. Bd1 Bf5 24. Rxe8+ Rxe8 25. Rc1 Re1+ 26. Nf1 Ne2+ 27.
Bxe2 Rxc1 {White resigns} 0-1